 Dungeon Crawl Stone Soup version 0.31-a0-536-ga3e2962e35 (webtiles) character file.

Game seed: 8369627411762183421

217 Ethylacetat the Ducker (level 5, -3/36 HPs)
             Began as an Octopode Gladiator on Aug 13, 2023.
             Slain by an orc
             ... wielding a +0 dagger
              (4 damage)
             ... on level 4 of the Dungeon.
             The game lasted 00:01:56 (2027 turns).

Ethylacetat the Ducker (Octopode Gladiator)         Turns: 2027, Time: 00:01:57

Health: -3/36      AC:  1    Str: 14    XL:     5   Next: 94%
Magic:  5/5        EV: 14    Int: 10    God:
Gold:   230        SH:  0    Dex: 15    Spells: 4/4 levels left

rFire   . . .        n - +4 trident
rCold   . . .        (no shield)
rNeg    . . .        b - +0 hat
rPois   .            (no amulet)
rElec   .            (no ring)
rCorr   .            (no ring)
SInv    .            (no ring)
Will    .....        (no ring)
Stlth   ++           (no ring)
HPRegen 0.26/turn    (no ring)
MPRegen 0.09/turn    (no ring)
                     (no ring)

%: no passive effects
@: confused, mighty, lethally poisoned (-3 -> -13)
A: almost no armour, amphibious, 8 rings, camouflage 1, gelatinous body 1,
(nimble swimmer 1), tentacles
a: no special abilities


You were on level 4 of the Dungeon.
You visited 1 branch of the dungeon, and saw 4 of its levels.

You collected 230 gold pieces.

Inventory:

Hand Weapons
 a - a +0 long sword
 n - a +4 trident (weapon)
Missiles
 c - 3 throwing nets (quivered)
 d - a javelin
Armour
 b - a +0 hat (worn)
Scrolls
 e - 2 scrolls of teleportation {unknown}
 g - 2 scrolls of immolation {unknown}
 h - a scroll of enchant weapon {unknown}
 i - a scroll of noise {unknown}
 j - 2 scrolls of acquirement {unknown}
 m - a scroll of poison {unknown}
Potions
 k - a potion of curing {unknown}
 l - a potion of mutation {unknown}
 o - a potion of degeneration {unknown}


   Skills:
 + Level 3.3 Fighting
 - Level 3.6 Long Blades
 - Level 2.0 Throwing
 + Level 4.0 Dodging
 + Level 3.6 Stealth
 * Level 1.4 Shapeshifting


You had 4 spell levels left.
You didn't know any spells.
Your spell library was empty.

Dungeon Overview and Level Annotations

Branches:
Dungeon (4/15)
 Temple: D:4-7

Altars:
Hepliaklqana
Sif Muna


Innate Abilities, Weirdness & Mutations

You cannot wear most types of armour.
You are amphibious.
You can wear up to eight rings at the same time.
Your skin changes colour to match your surroundings (Stealth+).
Your rubbery body absorbs attacks. (AC +1, EV +1)
((You are camouflaged when in or above water. (Stealth+)))
You have tentacles for arms and can constrict up to eight enemies at once.


Message History

The orc priest is severely wounded.
You constrict the orc priest, but do no damage.
The orc priest calls down the wrath of Beogh upon you.
Pain shoots through your body! The orc closely misses you.
You hit the orc priest but do no damage.
The orc priest is severely wounded.
You constrict the orc priest.
The orc priest escapes!
The orc wizard points at you and mumbles some strange words.
You are confused.
The orc barely misses you. The orc closely misses you.
You hit the orc priest.
You kill the orc priest!
The orc hits you with a +0 war axe.
* * * LOW HITPOINT WARNING * * *
The orc misses you. The orc hits you with a +0 war axe.
* * * LOW HITPOINT WARNING * * *
The orc wizard casts a spell at you. You resist with some effort.
The orc closely misses you.
Your Dodging skill increases to level 4!
The orc wizard casts a spell at you.
You are more confused.
You hit the orc.
The orc is severely wounded.
The orc barely misses you. x2
You are too injured to fight recklessly!
You are too injured to fight recklessly!
You barely miss the orc. You squeeze the orc.
You kill the orc!
The orc hits you with a +0 dagger.
* * * LOW HITPOINT WARNING * * *
The orc wizard closely misses you. The orc hits you with a +0 dagger.
* * * LOW HITPOINT WARNING * * *
Things that are here:
a +0 war axe; a +0 ring mail It was a potion of might.
You feel very mighty all of a sudden.
The orc wizard hits you but does no damage.
You are lethally poisoned!
The orc hits you with a +0 dagger.
You die...

#...# #....# ##..
..## #. #..#
.(####..# #.### #..#
##........
#...##..###.<.......
#...............#
#.$o####...<.....
#.)@.# ##..##....
#....o# #..# ...
#...:..# #.## ..
.......... ..# #
.##........ ..#
#......... ##
##.....###. #....##
#.


You could see an orc wizard and an orc.

Vanquished Creatures
  A jelly (D:4)
  An orc priest (D:4)
  Jessica (D:2)
  8 adders
  3 worms (D:2)
  2 dart slugs
  An orc (D:4)
  4 bats
  3 endoplasms (D:1)
  A giant cockroach (D:2)
  3 goblins
  4 hobgoblins
  4 jackals (D:3)
  2 quokkas
  5 ball pythons
  2 frilled lizards
  5 kobolds
  5 rats
  A spectral goblin (D:3)
56 creatures vanquished.

Notes
Turn   | Place    | Note
-------+----------+-------------------------------------------
     0 | D:1      | Ethylacetat the Octopode Gladiator began the quest for the
                  | Orb.
     0 | D:1      | Reached XP level 1. HP: 14/14 MP: 1/1
   170 | D:1      | Reached skill level 1 in Stealth
   170 | D:1      | Reached XP level 2. HP: 14/19 MP: 2/2
   719 | D:2      | Reached XP level 3. HP: 17/25 MP: 3/3
   849 | D:2      | Noticed Jessica
   864 | D:2      | Killed Jessica
   865 | D:2      | Reached XP level 4. HP: 6/30 MP: 4/4
  1465 | D:3      | Reached XP level 5. HP: 28/36 MP: 5/5
  1767 | D:3      | Found a shimmering blue altar of Sif Muna.
  1981 | D:3      | Found a hazy altar of Hepliaklqana.
  2018 | D:4      | Reached skill level 1 in Shapeshifting
  2023 | D:4      | Reached skill level 4 in Dodging
  2026 | D:4      | HP: 1/36 [orc/+0 dagger (3)]
  2027 | D:4      | Slain by an orc

Illustrated notes

Levels and vault maps discovered:
D:1:      giann_wishing_wells, layout_basic
D:2:      layout_basic, uniq_jessica
D:3:      layout_basic, nicolae_hepliaklqana_monster_ancestors,
          old_standard_altar
D:4:      layout_layer_cave, minmay_temple_entry_tees, minmay_lizard_king

Skill      XL: |  1  2  3  4  5 |
---------------+----------------+-----
Stealth        | 1 2 3 |  3.6
Fighting       | 3 |  3.3
Shapeshifting  | 1 |  1.4
Dodging        | 4 |  4.0
Long Blades    | |  3.6
Throwing       | |  2.0

Action                     |  1- 3 |  4- 6 || total
---------------------------+-------+-------++-------
  Melee: Long sword        |    40 |    26 ||    66
         Constrict         |     9 |    13 ||    22
         Tentacles         |     5 |    16 ||    21
         Trident           |       |    40 ||    40
    Use: Potion            |       |     1 ||     1
   Stab: Sleeping          |    10 |    10 ||    20
 Armour: Skin              |       |     2 ||     2
  Dodge: Dodged            |    20 |    31 ||    51

Table legend: (Time is in decaauts)
 A = Elapsed time spent in this place.
 B = Non-inter-level travel time spent in this place.
 C = Inter-level travel time spent in this place.
 D = Time resting spent in this place.
 E = Time spent auto-exploring this place.
 F = Levels seen in this place.
 G = Mean time per level.
                   A        B        C        D        E       F      G
               +--------+--------+--------+--------+--------+-----+--------+
         Total |   2065 |   1984 |     81 |      0 |   1641 |   4 |  516.2 |
       Dungeon |   2065 |   1984 |     81 |      0 |   1641 |   4 |  516.2 |
               +--------+--------+--------+--------+--------+-----+--------+

Top non-repeatable levels by time:
     D:1: 712 daAuts
     D:3: 695 daAuts
     D:2: 635 daAuts
     D:4: 21 daAuts
